 Dungeon Crawl Stone Soup version 0.29.1-1-gd02db6906a (webtiles) character file.

Game seed: 16319922349939742662

45 RascalDebosk the Magician (level 3, -1/27 HPs)
             Began as a Djinni Air Elementalist on Oct 22, 2022.
             Killed from afar by Sigmund (3 damage)
             ... with a puff of flame
             ... on level 2 of the Dungeon.
             The game lasted 00:08:43 (1835 turns).

RascalDebosk the Magician (Djinni Air Elementalist) Turns: 1835, Time: 00:08:43

Health: -1/27      AC:  3    Str:  7    XL:     3   Next: 90%
Gold:   35         EV: 12    Int: 16    God:
                   SH:  0    Dex: 13

rFire   + + .      SeeInvis .   (no weapon)
rCold   x . .      Faith    .   (no shield)
rNeg    . . .      Spirit   .   a - +0 robe
rPois   ∞          Reflect  .   (no helmet)
rElec   +          Harm     .   i - +0 cloak
rCorr   .          Rampage  .   (no gloves)
Will    .....                   (boots unavailable)
Stlth   ++........              (no amulet)
HPRegen 0.09/turn               (no ring)
MPRegen 0.00/turn               (no ring)

@: flying
A: sickness immunity, fire resistance 2, cold vulnerability 1, float, innate
caster, HP casting, extra vitality 1, dopey 1, electricity resistance
a: no special abilities


You were on level 2 of the Dungeon.
You visited 1 branch of the dungeon, and saw 2 of its levels.

You collected 35 gold pieces.

Inventory:

Armour
 a - a +0 robe (worn)
 i - a +0 cloak (worn)
Scrolls
 b - a scroll of identify {unknown}
 d - a scroll of teleportation {unknown}
 e - a scroll of fear {unknown}
 j - a scroll of enchant weapon {unknown}
Potions
 c - a potion of heal wounds {unknown}
 f - a potion of might {unknown}
 g - a potion of ambrosia {unknown}
 h - a potion of mutation


   Skills:
 + Level 1.5 Fighting
 - Level 2.1 Dodging
 - Level 1.5 Stealth
 * Level 3.2 Spellcasting


You couldn't memorise any spells.
You knew the following spells:

 Your Spells              Type           Power      Damage    Failure   Level
a - Shock                 Conj/Air       48%        1d6       4%          1
b - Static Discharge      Conj/Air       12%        3-5/arc   8%          2
c - Swiftness             Air            12%        N/A       14%         3
d - Airstrike             Air            6%         2d(1-17)  43%         4
e - Magic Dart            Conj           48%        1d5       4%          1
Your spell library was empty.

Dungeon Overview and Level Annotations

Branches:
Dungeon (2/15)

Altars:

Annotations:
D:2 Sigmund


Innate Abilities, Weirdness & Mutations

You are immune to sickness and miasma.
You are immune to poison.
Your flesh is very heat resistant. (rF++)
You are vulnerable to cold. (rC-)
You float through the air rather than walking.
You learn spells naturally, not from books.
Your magical power is your life essence.
You have superior vitality. (+4 MHP)
You are dopey. (Int -2)
You are resistant to electric shocks. (rElec)


Message History

* * * LOW HITPOINT WARNING * * *
You start resting.
A hobgoblin comes into view.
Aiming: Shock (safe; 4% risk of failure)
Press: ? - help, Q - select action, (/) - cycle Shift-Dir - straight line, f - hobgoblin
Aim: a hobgoblin (wandering, hasn't noticed you, 71% to hit)
The zap hits the hobgoblin.
You kill the hobgoblin!
You see here a worm corpse.
Found a whip.
h - 2 fizzy ruby potions (gained 1)
You now have 35 gold pieces (gained 18).
HP restored.
A bat comes into view.
Aiming: Shock (safe; 4% risk of failure)
Press: ? - help, Q - select action, (/) - cycle Shift-Dir - straight line, f - bat
Aim: a bat (asleep, 100% to hit)
The zap hits the bat.
You kill the bat!
A dart slug comes into view.
Aiming: Shock (safe; 4% risk of failure)
Press: ? - help, Q - select action, (/) - cycle Shift-Dir - straight line, f - dart slug
Aim: a dart slug (100% to hit)
The zap hits the dart slug.
The dart slug is heavily wounded.
Aiming: Shock (safe; 4% risk of failure)
Press: ? - help, Q - select action, (/) - cycle Shift-Dir - straight line, f/p - dart slug
Aim: a dart slug (heavily wounded, 100% to hit)
The zap hits the dart slug.
You kill the dart slug!
Sigmund the Dreaded comes into view.
He is wielding a +0 scythe.
Casting: Shock (safe; 4% risk of failure)
Confirm with . or Enter, or press ? or * to list all spells.
The spell is quite dangerous to miscast (13% risk of failure)!
Continue anyway?
You feel quick.
Aiming: Shock (safe; 4% risk of failure)
Press: ? - help, Q - select action, (/) - cycle Shift-Dir - straight line, f - Sigmund
Aim: Sigmund, wielding a +0 scythe and wearing a +0 robe (asleep, 100% to hit)
The zap hits Sigmund.
Sigmund is moderately wounded.
Sigmund shouts!
Aiming: Shock (safe; 4% risk of failure)
Press: ? - help, Q - select action, (/) - cycle Shift-Dir - straight line, f/p - Sigmund
Aim: Sigmund, wielding a +0 scythe and wearing a +0 robe (moderately wounded, 68% to hit)
The zap hits Sigmund.
Sigmund is moderately wounded.
Aiming: Shock (safe; 4% risk of failure)
Press: ? - help, Q - select action, (/) - cycle Shift-Dir - straight line, f/p - Sigmund
Aim: Sigmund, wielding a +0 scythe and wearing a +0 robe (moderately wounded, 68% to hit)
The zap misses Sigmund.
Sigmund drinks a potion.
Sigmund's spells are empowered!
Aiming: Shock (safe; 4% risk of failure)
Press: ? - help, Q - select action, (/) - cycle Shift-Dir - straight line, f/p - Sigmund
Aim: Sigmund, wielding a +0 scythe and wearing a +0 robe (moderately wounded, spells empowered, 68% to hit)
The zap hits Sigmund.
Sigmund is heavily wounded.
Sigmund casts a spell at you. The puff of flame hits you. You resist.
Aiming: Shock (safe; 4% risk of failure)
Press: ? - help, Q - select action, (/) - cycle Shift-Dir - straight line, f/p - Sigmund
Aim: Sigmund, wielding a +0 scythe and wearing a +0 robe (heavily wounded, spells empowered, 68% to hit)
The zap hits Sigmund.
Sigmund is heavily wounded.
You start to feel a little slower.
Aiming: Shock (safe; 4% risk of failure)
Press: ? - help, Q - select action, (/) - cycle Shift-Dir - straight line, f/p - Sigmund
Aim: Sigmund, wielding a +0 scythe and wearing a +0 robe (heavily wounded, spells empowered, 68% to hit)
The zap misses Sigmund.
Sigmund points at you and mumbles some strange words.
The magic dart hits you!
* * * LOW HITPOINT WARNING * * *
Aiming: Shock (safe; 4% risk of failure)
Press: ? - help, Q - select action, (/) - cycle Shift-Dir - straight line, f/p - Sigmund
Aim: Sigmund, wielding a +0 scythe and wearing a +0 robe (heavily wounded, spells empowered, 68% to hit)
The zap hits Sigmund.
Sigmund is severely wounded.
* * * LOW HITPOINT WARNING * * *
Sigmund points at you and mumbles some strange words.
The puff of flame hits you. You resist.
* * * LOW HITPOINT WARNING * * *
You don't have enough health to cast this spell.
You don't have enough health to cast this spell.
Sigmund casts a spell at you.
You struggle to resist.
Sigmund mumbles some strange words.
Sigmund flickers and vanishes!
Deactivating autopickup; reactivate with Ctrl-A.
You feel sluggish.
You are confused.
You start to feel a little faster.
Something tries to affect you, but you resist.
You bump into the rock wall.
A goblin comes into view. It is wielding a +0 club.
The goblin shouts!
It was a potion of mutation.
You feel extremely strange.
You feel stupid.
You feel insulated.
You no longer feel sluggish.
You feel less confused.
A puff of flame appears from out of thin air!
The puff of flame hits you. You resist.
You die...

#####.#
.##....##
#........#
.###.####.
.. #. #.##
#.
#####...#
#.
#........
#. #@# #.
#.# #. #.#
#. #.# #.
#.#
#########.
### #{#
#.........
.. #.#
#.########
#. #.# #.#
######.##.#
#.#


There were no monsters in sight!

Vanquished Creatures
  A worm (D:2)
  A dart slug (D:2)
  An orc (D:2)
  5 ball pythons (D:1)
  4 bats
  2 endoplasms
  A giant cockroach (D:1)
  3 goblins
  4 hobgoblins
  5 jackals
  A quokka (D:1)
  4 frilled lizards (D:1)
  A kobold (D:1)
  3 rats (D:1)
36 creatures vanquished.

Notes
Turn   | Place    | Note
-------+----------+-------------------------------------------
     0 | D:1      | RascalDebosk the Djinni Air Elementalist began the quest
                  | for the Orb.
     0 | D:1      | RascalDebosk set off with the following spells memorised:
                  | Shock, Static Discharge, Swiftness, Airstrike.
     0 | D:1      | Reached XP level 1. HP: 15/15 MP: 0/0
   256 | D:1      | Reached XP level 2. HP: 13/22 MP: 0/0
   547 | D:1      | Reached skill level 1 in Fighting
   638 | D:1      | Found a faded altar of an unknown god.
   795 | D:1      | Reached XP level 3. HP: 24/27 MP: 0/0
   795 | D:1      | Learned a level 1 spell: Magic Dart
   861 | D:1      | Reached skill level 3 in Spellcasting
  1813 | D:2      | Noticed Sigmund
  1823 | D:2      | HP: 1/27 [Sigmund/puff of flame (5)]
  1835 | D:2      | Gained mutation: You are dopey. (Int -2) [potion of
                  | mutation]
  1835 | D:2      | Gained mutation: You are resistant to electric shocks.
                  | (rElec) [potion of mutation]
  1835 | D:2      | Killed from afar by Sigmund

Illustrated notes

Levels and vault maps discovered:
D:1:      minmay_arrival_three_doors, layout_basic,
          hellmonk_ecumenical_altar_lost_god
D:2:      layout_loops_ring, uniq_sigmund

Skill      XL: |  1  2  3 |
---------------+----------+-----
Fighting       | 1 |  1.5
Spellcasting   | 3 |  3.2
Dodging        | |  2.1
Stealth        | |  1.5

Action                   || total
-------------------------++-------
 Cast: Shock             ||    77
       Static Discharge  ||     6
       Magic Dart        ||     2
       Swiftness         ||     1
  Use: Potion            ||     1
Armor: Robe              ||     4
Dodge: Dodged            ||    12
